 Dungeon Crawl Stone Soup version 0.20.1-1-g8b1a95d (webtiles) character file.

1342068 dying5ever the Imperceptible (level 27, 179/179 HPs)
             Began as a Kobold Earth Elementalist on Sept 3, 2017.
             Was the Champion of Dithmenos.
             Escaped with the Orb
             ... and 3 runes on Sept 9, 2017!
             The game lasted 11:45:50 (122447 turns).

dying5ever the Imperceptible (KoEE)               Turns: 122447, Time: 11:45:51

Health: 179/179    AC: 21    Str: 11    XL:     27
Magic:  44/50      EV: 36    Int: 28    God:    Dithmenos [******]
Gold:   511        SH:  0    Dex: 20    Spells: 2/54 levels left

rFire    + + +     SeeInvis +   X - +14 lance "Wyrmbane" {slay drac, rPois rF+ rC+ AC+3}
rCold    + . .     Gourm    .   (shield restricted)
rNeg     + + +     Faith    .   J - +5 robe of Night {Dark MR+ SInv}
rPois    +         Spirit   .   I - +2 hat
rElec    +         Reflect  .   F - +2 cloak "Suwneeno" {rCorr}
rCorr    +         Harm     .   M - +2 pair of gloves {Str+3}
MR       +++++     Clarity  +   c - +2 pair of boots of Poor Excuses {rElec rN++ Str+2}
Stlth    ++++++....             v - amulet of the Four Winds {rN+ MR+++ Clar}
Regen    0.4/turn               N - ring of the Sky {rElec rPois rF+ Slay+3}
MPRegen  0.4/turn               j - ring "Acyimp" {rF+ MP+9 Int+2 Dex+2}

@: darkness, wreathed by umbra, drained
A: antennae 1, claws 1, carnivore 3, electricity resistance, MP-powered wands
0: Orb of Zot
}: 3/15 runes: decaying, serpentine, silver
a: Shadow Step, Shadow Form, Renounce Religion


You escaped.
You worshipped Dithmenos.
Dithmenos was exalted by your worship.
You were full.

You visited 10 branches of the dungeon, and saw 50 of its levels.
You visited the Abyss 1 time.
You visited 1 bazaar.
You also visited: Ice Cave, Wizlab and Desolation.

You collected 5751 gold pieces.
You spent 5240 gold pieces at shops.

Inventory:

Hand Weapons
 a - a +7 dagger of electrocution
 X - the +14 lance "Wyrmbane" (weapon) {slay drac, rPois rF+ rC+ AC+3}
   (You found it on level 3 of the Elven Halls)

   It affects your AC (+3).
   It protects you from fire.
   It protects you from cold.
   It protects you from poison.
Missiles
 m - 5 throwing nets (quivered) {!f}
Armour
 c - the +2 pair of boots of Poor Excuses (worn) {rElec rN++ Str+2}
   (You acquired it on level 2 of the Depths)

   It affects your strength (+2).
   It insulates you from electricity.
   It greatly protects you from negative energy.
 F - the +2 cloak "Suwneeno" (worn) {rCorr}
   (You found it on level 3 of the Elven Halls)

   It protects you from acid and corrosion.
 I - a +2 hat (worn)
 J - the +5 robe of Night (worn) {Dark MR+ SInv}
   (You found it on level 3 of the Elven Halls)

   It affects your resistance to hostile enchantments.
   It lets you see invisible.
 M - a +2 pair of gloves of strength (worn)
Magical Staves
 b - an uncursed staff of earth
Jewellery
 j - the ring "Acyimp" (right hand) {rF+ MP+9 Int+2 Dex+2}
   (You bought it in a shop on level 2 of the Orcish Mines)

   [ring of magical power]

   It affects your intelligence (+2).
   It affects your dexterity (+2).
   It protects you from fire.
   It affects your magic capacity (+9).
 o - an uncursed ring of wizardry
 v - the amulet of the Four Winds (around neck) {rN+ MR+++ Clar}
   (You took it off a deep elf annihilator on level 3 of the Elven Halls)

   [amulet of nothing]

   It protects you from negative energy.
   It affects your resistance to hostile enchantments.
   It protects you against confusion.
 w - an uncursed ring of protection from cold
 y - an uncursed ring of flight
 N - the ring of the Sky (left hand) {rElec rPois rF+ Slay+3}
   (You took it off a deep elf annihilator on level 3 of the Elven Halls)

   [ring of poison resistance]

   It affects your accuracy and damage with ranged weapons and melee attacks
   (+3).
   It protects you from fire.
   It insulates you from electricity.
   It protects you from poison.
Wands
 e - a wand of iceblast (2/15)
 i - a wand of enslavement (19/24)
 B - a wand of digging (12/24)
 D - a wand of paralysis (6/24)
 W - a wand of iceblast (8/15)
Scrolls
 f - 8 scrolls of teleportation
 h - 10 scrolls of fog
 n - a scroll of summoning
 p - 3 scrolls of blinking
 s - 20 scrolls of remove curse
 t - 2 scrolls of recharging
 z - 2 scrolls of torment
 A - a scroll of identify
 E - 6 scrolls of magic mapping
 G - a scroll of fear
 P - 2 scrolls of vulnerability
 Z - 2 scrolls of holy word
Potions
 g - 14 potions of curing
 l - 9 potions of flight
 q - 3 potions of cancellation
 H - 5 potions of agility
 K - 5 potions of heal wounds
 L - 4 potions of haste
 Q - 5 potions of mutation
 S - 7 potions of brilliance
 U - 5 potions of magic
 Y - 4 potions of resistance
Books
 C - a book of Dreams

   Spells                             Type                      Level
   a - Ensorcelled Hibernation        Hexes/Ice                    2
   b - Silence                        Hexes/Air                    5
   c - Darkness                       Hexes                        6
   d - Shadow Creatures               Summoning                    6
 V - a book of Power

   Spells                             Type                      Level
   a - Iskenderun's Battlesphere      Conjuration/Charms           5
   b - Venom Bolt                     Conjuration/Poison           5
   c - Bolt of Magma                  Conjuration/Fire/Earth       5
   d - Iron Shot                      Conjuration/Earth            6
   e - Orb of Destruction             Conjuration                  7
   f - Spellforged Servitor           Conjuration/Summoning        7
Miscellaneous
 k - 4 boxes of beasts
 r - a phial of floods (inert)
 u - a fan of gales
 R - a phial of floods (inert)
 T - 6 sacks of spiders
Comestibles
 d - 20 meat rations
 x - 11 royal jellies


   Skills:
 - Level 20.0 Fighting
 - Level 10.0(9.9) Short Blades
 + Level 6.4 Polearms
 + Level 24.0(23.9) Dodging
 * Level 26.2(26.1) Stealth
 - Level 14.1(14.0) Spellcasting
 - Level 9.3 Hexes
 - Level 2.1(2.0) Charms
 - Level 15.2(15.1) Summonings
 - Level 2.6(2.5) Necromancy
 - Level 13.6(13.5) Translocations
 - Level 1.0(0.9) Transmutations
 - Level 2.0(1.9) Ice Magic
 - Level 18.0(17.9) Earth Magic
 - Level 12.3(12.2) Invocations
 - Level 9.8 Evocations


You had 2 spell levels left.
You knew the following spells:

 Your Spells              Type           Power        Failure   Level  Hunger
a - Malign Gateway        Summ/Tloc      #######...   6%          7    ######.
b - Passwall              Tmut/Erth      ######....   1%          2    None
c - Stone Arrow           Conj/Erth      ######       1%          3    None
d - Lee's Rapid Deconstr  Erth           #######...   1%          5    #......
e - Petrify               Tmut/Erth      ######..     1%          4    None
f - Animate Skeleton      Necr           N/A          1%          1    None
g - Apportation           Tloc           ######       0%          1    None
h - Ozocubu's Armour      Chrm/Ice       ####....     3%          3    None
i - Shadow Creatures      Summ           N/A          1%          6    ####...
j - Darkness              Hex            ######....   9%          6    ####...
k - Summon Mana Viper     Hex/Summ       ######..     1%          5    #......
m - Summon Butterflies    Summ           #######.     0%          1    None
n - Confuse               Hex            ######..     1%          3    None
o - Regeneration          Chrm/Necr      ####......   3%          3    None
J - Blink                 Tloc           N/A          0%          2    None


Dungeon Overview and Level Annotations

Branches:
Dungeon (15/15)            Temple (1/1) D:4            Lair (6/6) D:8
  Swamp (4/4) Lair:3        Snake (4/4) Lair:4        Slime (0/5) Lair:5
    Orc (2/2) D:12            Elf (3/3) Orc:2        Vaults (5/5) D:13
  Crypt (0/3) Vaults:3     Depths (5/5) D:15            Zot (5/5) Depths:5

Altars:
Ashenzari
Cheibriados
Dithmenos
Elyvilon
Fedhas
Gozag
Hepliaklqana
Kikubaaqudgha
Makhleb
Nemelex Xobeh
Okawaru
Qazlal
Ru
Sif Muna
Trog
Uskayaw
Vehumet
Xom
Yredelemnul
Zin
The Shining One
Jiyva

Shops:
D:15 !   Orc:2 *([=   Elf:1 }%*=[[[   Elf:2 [   Snake:4 ?   Vaults:1 *
Vaults:2 *   Vaults:5 !   Depths:3 [   Depths:4 [(?!

Portals:
Hell: Depths:2 Depths:3 Depths:4 Depths:5
Abyss: Depths:4
Pandemonium: Depths:3 Depths:4
Ziggurat: Depths:1

Annotations:
D:6 exclusion: downstairs
D:10 exclusion: ugly thing
Snake:1 exclusion: downstairs
Snake:2 Agnes; Aizul; Vashnia
Depths:2 Aolhelm's ghost, veteran FoHu


Innate Abilities, Weirdness & Mutations

You are small and have problems with some larger weapons.
You are carnivorous and can eat meat at any time.
You have a pair of small antennae on your head.
You have sharp fingernails.
You are resistant to electric shocks. (rElec)
You expend magic power (3 MP) to strengthen your wands.


Message History

Unknown command.
Unknown command.
Unknown command.
Unknown command.
A mysterious force pulls you upwards. The hatch slams shut behind you.
Unknown command.
Unknown command.
Casting: Passwall
Confirm with . or Enter, or press ? or * to list all spells.
It gets dark.
Casting: Darkness
Confirm with . or Enter, or press ? or * to list all spells.
Which direction?
You begin to meditate on the wall.
You continue meditating on the rock. x3
You finish merging with the rock.
Unknown command.
Unknown command.
Unknown command.
There is a staircase leading out of the dungeon here.
You have escaped!

#.#.....####
#.#.....##..
#.#.....##..
###.########..
#####..........#..
#..............#..
##+###.............
#...##..........#..
#.@.##..........###
#...####.#####.###
###'###...........#
#...# #########.#.#
##.##### #..#.#
#......# #..#.##
#......# #..#.#.
#......# #[.#.#.
#......# #.##.#.


There were no monsters in sight!

Vanquished Creatures
  2 orbs of fire (Zot:5)
  2 ancient liches
  Bai Suzhen (Snake:4)
  Saint Roka (Snake:4)
  A caustic shrike (Depths:3)
  2 Killer Klowns (Zot:5)
  Nikola (Swamp:1)
  3 golden dragons
  A bone dragon (Depths:5)
  Jorgrun (Snake:4)
  3 tentacled monstrosities
  5 deep elf master archers (Elf:3)
  An Orb Guardian (Zot:5)
  6 titans (Vaults:5)
  Asterion (Snake:4)
  A lich (Vaults:5)
  4 deep elf blademasters (Elf:3)
  The ghost of Indrix the Warrior, an adept NaFE of Vehumet (Snake:3)
  Frances (Elf:1)
  4 tengu reavers
  2 death cobs
  7 sphinxes
  A thorn hunter (Swamp:1)
  A sphinx (shapeshifter) (Depths:1)
  3 shadow dragons
  Kirke (Snake:2)
  Donald (Swamp:4)
  Roxanne (Swamp:1)
  5 storm dragons
  11 nagarajas
  7 draconian knights
  5 deep elf sorcerers
  5 fire giants
  8 frost giants
  An orc warlord (Orc:2)
  2 ghost moths
  2 draconian shifters (Zot:2)
  4 draconian scorchers
  18 vault wardens
  6 draconian annihilators
  A juggernaut zombie (D:15)
  2 spriggan defenders (Depths:3)
  A draconian stormcaller (Zot:2)
  3 war gargoyles (Vaults:5)
  17 ironheart preservers
  19 stone giants
  29 very ugly things
  An entropy weaver (Vaults:4)
  3 green draconians
  A deep elf demonologist (Elf:3)
  2 vampire knights
  8 deep elf annihilators
  3 black draconians
  2 white draconians
  5 spark wasps
  3 purple draconians
  A yellow draconian (Zot:5)
  4 red draconians
  5 deep elf death magi
  10 ettins
  13 fire dragons
  4 great orbs of eyes
  4 deep elf high priests
  3 rakshasas
  12 yaktaur captains
  Fannar (D:12)
  Harold (Lair:4)
  31 vault guards
  26 naga warriors
  2 spriggan air magi (Depths:2)
  A ghost crab (Swamp:2)
  10 ice dragons
  A catoblepas (Lair:6)
  15 centaur warriors
  21 hydras
  A peacekeeper (Elf:1)
  18 anacondas
  A two-headed ogre (shapeshifter) (Vaults:5)
  8 alligators
  5 tengu warriors
  3 death knights
  9 ogre magi
  19 dancing weapons
  4 death yaks
  11 deep troll earth magi
  5 deep troll shamans
  46 two-headed ogres
  A queen ant (shapeshifter) (Vaults:3)
  A small abomination (Elf:3)
  3 spriggan berserkers
  11 shock serpents
  4 orc high priests
  22 naga sharpshooters
  18 deep elf knights
  An iron troll (Depths:1)
  A fire crab (D:13)
  11 sea snakes (Snake:4)
  A shadow wraith (Vaults:4)
  A sixfirhy (Lair:6)
  6 salamander mystics
  22 hell knights
  34 deep trolls
  5 skeletal warriors
  6 glowing orange brains
  2 flayed ghosts
  2 unseen horrors
  A golden dragon zombie (D:15)
  13 naga ritualists
  2 spriggan druids
  6 swamp dragons
  12 deep elf archers
  A wizard (Vaults:3)
  17 harpies
  10 necromancers
  19 ironbrand convokers
  3 harpies (shapeshifter)
  79 deep elf magi
  6 phantasmal warriors
  6 wolf spiders
  15 manticores
  5 orc sorcerers
  17 mana vipers
  20 orc knights
  A frost giant zombie (Vaults:2)
  6 cyclopes
  A wolf spider zombie (D:15)
  69 ugly things
  A fire giant zombie (Vaults:1)
  A salamander (shapeshifter) (Vaults:3)
  17 salamanders
  A tengu skeleton (D:15)
  16 moths of wrath
  11 elephants
  51 black mambas
  Maurice (D:11)
  6 guardian serpents
  2 torpor snails
  A rust devil (Depths:4)
  15 vault sentinels
  40 naga magi
  22 spiny frogs
  A storm dragon simulacrum (Vaults:2)
  2 gargoyles
  A hellion (Depths:4)
  2 kobold demonologists
  An orange demon (Lair:6)
  4 rime drakes
  5 komodo dragons
  5 freezing wraiths
  2 hellwings (Depths:4)
  3 komodo dragons (shapeshifter)
  63 yaktaurs
  A guardian mummy (D:15)
  An ice devil (Lair:6)
  A red devil (Lair:6)
  11 hornets
  4 tyrant leeches
  A hydra zombie (Swamp:1)
  A polar bear (Lair:5)
  A troll (shapeshifter) (Depths:2)
  14 trolls
  6 saltlings
  A wind drake (shapeshifter) (Depths:3)
  An ettin zombie (D:15)
  6 bog bodies
  5 dream sheep (Lair:6)
  2 raiju (shapeshifter) (Vaults:3)
  40 slime creatures
  2 blink frogs (shapeshifter)
  16 blink frogs
  A dream sheep (shapeshifter) (Depths:2)
  13 hippogriffs
  A stone giant simulacrum (Vaults:1)
  A centaur simulacrum (D:15)
  4 water elementals
  A spriggan (shapeshifter) (Vaults:5)
  6 air elementals
  6 shadows
  2 tarantellas (shapeshifter)
  2 human simulacra
  7 wyverns
  A tarantella (Vaults:4)
  4 wraiths (Vaults:1)
  3 redbacks
  5 spriggans
  41 yaks
  2 vampires
  4 basilisks
  2 basilisks (shapeshifter)
  2 fire bats (Depths:1)
  A neqoxec (Depths:4)
  4 hogs (Snake:2)
  4 fire elementals
  15 vampire mosquitoes
  A steam dragon (shapeshifter) (Vaults:3)
  A tyrant leech zombie (Swamp:1)
  2 hungry ghosts
  13 swamp worms
  76 nagas
  14 insubstantial wisps
  11 wargs
  3 acid dragons
  6 hell hounds
  4 porcupines
  18 water moccasins
  5 sky beasts
  2 human zombies (Vaults:1)
  56 orc warriors
  A hornet zombie (Swamp:1)
  An alligator simulacrum (Swamp:1)
  8 ice beasts
  A black bear (D:8)
  6 swamp drakes
  2 phantoms
  2 ettin simulacra
  2 necrophages
  30 ogres
  14 boggarts
  16 wolves
  21 centaurs
  11 crocodiles
  A centaur (shapeshifter) (Vaults:4)
  2 big kobolds
  A bullfrog (shapeshifter) (Vaults:4)
  27 bullfrogs
  A gnoll sergeant (Orc:1)
  7 earth elementals
  2 wyvern zombies
  A wyvern skeleton (D:12)
  3 scorpions
  A water moccasin skeleton (D:6)
  18 killer bees
  11 wights
  9 howler monkeys
  An electric eel (Snake:4)
  11 crimson imps
  4 centaur zombies
  4 hounds
  A quasit (D:9)
  A bullfrog zombie (D:12)
  7 jellies
  20 orc priests
  2 bullfrog skeletons
  8 centaur skeletons
  An iguana (D:11)
  Terence (D:2)
  9 worker ants
  19 orc wizards
  A killer bee zombie (D:8)
  2 hound skeletons
  A worker ant zombie (D:9)
  Robin (D:2)
  2 howler monkey skeletons
  7 adders
  6 shadow imps
  An ooze (shapeshifter) (Vaults:4)
  2 oozes
  An adder zombie (D:8)
  An adder skeleton (D:9)
  3 worms
  3 dart slugs
  3 leopard geckos
  105 orcs
  12 bats
  8 giant cockroaches
  14 goblins
  7 hobgoblins
  12 jackals
  20 kobolds
  5 quokkas
  2 ball pythons
  11 frilled lizards
  A giant cockroach zombie (D:6)
  A quokka skeleton (D:7)
  4 rats
  2 crawling corpses (Elf:3)
  2 fungi
  4 withered plants (D:15)
2253 creatures vanquished.

Vanquished Creatures (collateral kills)
  3 orbs of fire (Zot:5)
  Mara (Depths:4)
  The ghost of Finerminer the Swordmaster, a legendary FoFi of Ru (Zot:5)
  2 ancient liches (Zot:5)
  A juggernaut (Depths:5)
  Margery (Depths:3)
  the Lernaean hydra (Swamp:4)
  A caustic shrike (Depths:3)
  3 Killer Klowns (Zot:5)
  A curse toe (Zot:5)
  the Enchantress (Depths:3)
  3 golden dragons
  2 electric golems (Zot:5)
  4 tentacled monstrosities
  2 liches
  2 titans
  21 Orb Guardians (Zot:5)
  4 quicksilver dragons
  A tengu reaver (Vaults:5)
  The ghost of maximusg the Severer, an adept MiBe of Trog (Swamp:4)
  A shadow dragon (shapeshifter) (Vaults:5)
  A draconian monk (Zot:3)
  6 shadow dragons
  8 storm dragons
  An azure jelly (shapeshifter) (Vaults:5)
  2 vault wardens
  An iron dragon (Depths:5)
  7 fire giants
  5 frost giants
  A draconian scorcher (Depths:5)
  A ghost moth (Zot:5)
  2 deep elf elementalists
  A draconian stormcaller (Zot:5)
  A war gargoyle (Vaults:5)
  2 draconian knights
  2 spriggan defenders (Depths:3)
  An ironheart preserver (Vaults:5)
  3 draconian annihilators (Zot:5)
  10 stone giants
  An entropy weaver (Vaults:5)
  5 very ugly things
  A vampire knight (Depths:5)
  A yellow draconian (Zot:5)
  A deep elf annihilator (Elf:3)
  A white draconian (Zot:5)
  A purple draconian (Zot:2)
  3 red draconians
  A spark wasp (Depths:1)
  3 ettins
  A minotaur (Zot:5)
  6 yaktaur captains
  A great orb of eyes (shapeshifter) (Vaults:2)
  3 deep elf high priests (Vaults:5)
  5 fire dragons
  A rakshasa (Depths:1)
  3 great orbs of eyes
  8 hydras
  2 ice dragons
  A naga warrior (Snake:1)
  5 vault guards
  3 spriggan air magi
  18 two-headed ogres
  4 deep troll shamans
  2 centaur warriors
  A deep troll earth mage (Depths:3)
  4 tengu warriors
  5 alligators
  6 ogre magi
  A death yak (Lair:6)
  A dancing weapon (Vaults:4)
  A vampire mage (Depths:4)
  A naga sharpshooter (Snake:4)
  20 hell knights
  3 spriggan berserkers
  An iron troll (Depths:1)
  3 shadow wraiths
  A skeletal warrior (Vaults:2)
  10 deep trolls
  5 swamp dragons (Swamp:4)
  2 glowing orange brains
  2 naga ritualists
  8 wizards
  3 shambling mangroves
  A phantasmal warrior (Vaults:5)
  5 ironbrand convokers
  5 harpies
  An orc knight (Vaults:1)
  5 necromancers
  2 mana vipers (Snake:1)
  2 deep elf magi
  4 ugly things
  A salamander (Depths:1)
  A cyclops (D:15)
  2 naga magi
  A moth of wrath (shapeshifter) (Depths:4)
  4 black mambas (Snake:1)
  2 moths of wrath (Zot:5)
  2 elephants
  A centaur zombie (D:14)
  An orange demon (Lair:6)
  A smoke demon (Lair:6)
  A spiny frog (Swamp:1)
  6 vault sentinels
  A spiny frog (shapeshifter) (Vaults:2)
  2 rime drakes (Lair:1)
  9 yaktaurs
  A red devil (Depths:1)
  A tyrant leech (Swamp:2)
  5 hornets
  A dream sheep (Depths:1)
  3 blink frogs (Lair:3)
  6 slime creatures
  2 redbacks (Vaults:5)
  2 air elementals (Depths:2)
  3 spriggans
  4 water elementals
  A wraith (Vaults:2)
  A fire elemental (Depths:1)
  A chaos spawn (Depths:5)
  4 yaks (Lair:6)
  3 vampire mosquitoes (Swamp:4)
  2 swamp worms (Swamp:4)
  A warg (Vaults:3)
  4 nagas
  An insubstantial wisp (Swamp:1)
  A hell hound (Lair:6)
  4 swamp drakes
  4 orc warriors
  2 centaurs (Vaults:2)
  7 ogres
  A boggart (Vaults:3)
  4 wolves
  2 bullfrogs
  A jelly (D:14)
  A crimson imp (Depths:1)
  2 orc wizards
  An adder (Snake:1)
  A leopard gecko (D:11)
  3 orcs
  A fire vortex (Zot:5)
  A fungus (Lair:6)
413 creatures vanquished.

Vanquished Creatures (others)
  112 eldritch tentacles
  A tengu reaver (Vaults:5)
  A shadow dragon (Vaults:5)
  A storm dragon (Zot:5)
  2 moths of wrath (Zot:5)
  2 humans (Snake:2)
  A quokka (D:14)
  A bush (Lair:6)
  55 fungi
  78 plants
  2 withered plants (D:15)
256 creatures vanquished.

Grand Total: 2922 creatures vanquished

Notes
Turn   | Place    | Note
-------+----------+-------------------------------------------
     0 | D:1      | dying5ever the Kobold Earth Elementalist began the quest for the Orb.
     0 | D:1      | Reached XP level 1. HP: 10/10 MP: 3/3
   664 | D:1      | Reached XP level 2. HP: 15/15 MP: 3/5
   670 | D:1      | Learned a level 2 spell: Passwall
  1191 | D:1      | Reached XP level 3. HP: 19/19 MP: 4/6
  1196 | D:1      | Learned a level 3 spell: Stone Arrow
  2159 | D:2      | Reached XP level 4. HP: 21/24 MP: 6/8
  2247 | D:2      | Found a snail-covered altar of Cheibriados.
  2506 | D:2      | Noticed Robin
  2808 | D:2      | Noticed Terence
  3533 | D:3      | Reached XP level 5. HP: 27/28 MP: 10/10
  4007 | D:2      | Killed Robin
  4126 | D:2      | Killed Terence
  4126 | D:2      | Reached skill level 5 in Earth Magic
  4729 | D:3      | Reached XP level 6. HP: 32/32 MP: 1/11
  4895 | D:4      | Noticed a phantom
  5033 | D:4      | Killed a phantom
  5277 | D:4      | Noticed an ogre
  5287 | D:4      | Killed an ogre
  5287 | D:4      | Reached XP level 7. HP: 36/36 MP: 7/13
  5486 | D:4      | Found a staircase to the Ecumenical Temple.
  5494 | Temple   | Entered the Ecumenical Temple
  5763 | Temple   | Became a worshipper of Dithmenos the Shadowed
  6060 | D:4      | Learned a level 5 spell: Lee's Rapid Deconstruction
  6065 | D:4      | Learned a level 4 spell: Petrify
  6066 | D:5      | Entered Level 5 of the Dungeon
  6495 | D:5      | Noticed a troll
  6871 | D:6      | Reached skill level 5 in Spellcasting
  7368 | D:6      | Reached XP level 8. HP: 20/41 MP: 11/15
  8500 | D:7      | Reached * piety under Dithmenos
  8741 | D:7      | Reached XP level 9. HP: 45/45 MP: 11/18
  9436 | D:8      | Found a staircase to the Lair.
  9500 | D:8      | Got a bronze ring mail
  9505 | D:8      | Noticed a troll
  9641 | D:8      | Noticed a two-headed ogre
  9778 | D:8      | Noticed a two-headed ogre
  9788 | D:8      | Killed a two-headed ogre
  9788 | D:8      | Reached skill level 5 in Dodging
  9788 | D:8      | Reached skill level 10 in Earth Magic
 10133 | D:8      | Killed a troll
 10393 | D:8      | Reached XP level 10. HP: 55/55 MP: 14/20
 10394 | D:8      | Reached ** piety under Dithmenos
 10704 | D:8      | Noticed a two-headed ogre
 10709 | D:8      | Killed a two-headed ogre
 10774 | D:8      | Found a sparkling altar of Nemelex Xobeh.
 10820 | D:8      | Killed a two-headed ogre
 10820 | D:8      | Reached skill level 5 in Fighting
 11119 | D:6      | Identified the +3 ring mail "Wosmeung" {-Cast rF+++ rN+ Str+2} (You found it on level 8 of the Dungeon)
 11774 | D:9      | Learned a level 1 spell: Animate Skeleton
 11776 | D:9      | Learned a level 1 spell: Apportation
 12485 | D:10     | Entered Level 10 of the Dungeon
 12601 | D:10     | Reached *** piety under Dithmenos
 12601 | D:10     | Reached XP level 11. HP: 64/64 MP: 19/22
 12944 | D:10     | Noticed a cyan ugly thing
 13035 | D:10     | Noticed a two-headed ogre
 13039 | D:10     | Killed a two-headed ogre
 13039 | D:10     | Reached skill level 10 in Dodging
 13415 | Lair:1   | Entered Level 1 of the Lair of Beasts
 13445 | Lair:1   | Reached skill level 3 in Stealth
 13632 | Lair:1   | Found a frozen archway.
 13693 | Lair:1   | Reached skill level 4 in Stealth
 13753 | IceCv    | Entered an ice cave
 14123 | Lair:1   | Reached skill level 5 in Stealth
 14329 | Lair:1   | Reached **** piety under Dithmenos
 14400 | Lair:1   | Reached XP level 12. HP: 70/70 MP: 4/24
 14865 | Lair:2   | Reached skill level 6 in Stealth
 14941 | Lair:2   | Reached skill level 1 in Invocations
 15623 | Lair:2   | Reached skill level 7 in Stealth
 16557 | Lair:2   | Reached skill level 8 in Stealth
 17103 | Lair:3   | Reached skill level 1 in Evocations
 17231 | Lair:3   | Reached skill level 9 in Stealth
 17370 | Lair:3   | Reached XP level 13. HP: 79/79 MP: 19/26
 17641 | Lair:3   | Found a staircase to the Swamp.
 18190 | Lair:4   | Reached ***** piety under Dithmenos
 18230 | Lair:4   | Reached skill level 10 in Stealth
 18550 | Lair:4   | Found a staircase to the Snake Pit.
 18651 | Lair:4   | Reached skill level 5 in Evocations
 18832 | Lair:4   | Noticed an eight-headed hydra
 18843 | Lair:4   | Killed an eight-headed hydra
 18843 | Lair:4   | Reached skill level 5 in Invocations
 18951 | Lair:4   | Noticed Harold
 19024 | Lair:5   | Reached skill level 10 in Fighting
 19266 | Lair:5   | Found a viscous altar of Jiyva.
 19267 | Lair:5   | Found a staircase to the Slime Pits.
 19903 | Lair:6   | Entered Level 6 of the Lair of Beasts
 20026 | Lair:6   | Found a burning altar of Makhleb.
 21265 | Lair:6   | Noticed a seven-headed hydra
 21470 | Lair:6   | Killed a seven-headed hydra
 21540 | Lair:6   | Noticed a four-headed hydra
 21543 | Lair:6   | Killed a four-headed hydra
 21543 | Lair:6   | Reached XP level 14. HP: 88/88 MP: 8/27
 24014 | Lair:6   | Reached ****** piety under Dithmenos
 25375 | D:11     | Noticed Maurice
 26161 | D:11     | Reached skill level 10 in Spellcasting
 26399 | D:11     | Killed Maurice
 27425 | D:12     | Learned a level 3 spell: Ozocubu's Armour
 27430 | D:12     | Learned a level 4 spell: Summon Ice Beast
 27604 | D:12     | Reached skill level 1 in Charms
 27618 | D:12     | Reached skill level 1 in Ice Magic
 27809 | D:12     | Found a staircase to the Orcish Mines.
 27954 | Orc:1    | Entered Level 1 of the Orcish Mines
 28378 | Orc:1    | Reached XP level 15. HP: 92/92 MP: 8/29
 29019 | Orc:2    | Entered Level 2 of the Orcish Mines
 29269 | Orc:1    | Reached skill level 10 in Invocations
 30594 | Orc:2    | Paralysed by an orc sorcerer for 2 turns
 31169 | Orc:2    | Noticed an orc warlord
 32517 | D:12     | Noticed Fannar
 33338 | D:12     | Killed Fannar
 33947 | D:13     | Found a gate to the Vaults.
 34907 | Orc:2    | Killed an orc warlord
 35237 | Orc:1    | Reached skill level 15 in Dodging
 35812 | Orc:2    | Found a staircase to the Elven Halls.
 35935 | Orc:2    | Found Xoezuyfe's Antique Weapon Emporium.
 36013 | Orc:2    | Found Heivoyzy's Jewellery Shop.
 36036 | Orc:2    | Found Webliw's General Store.
 36088 | Orc:2    | Found Basegil's Antique Armour Shoppe.
 36168 | Orc:2    | Bought 2 potions of heal wounds for 130 gold pieces
 36188 | Orc:2    | Bought the ring "Acyimp" {rF+ MP+9 Int+2 Dex+2} for 593 gold pieces
 36241 | Orc:2    | Bought a pair of pitted boots for 237 gold pieces
 36253 | Orc:2    | Identified the -1 pair of boots of Tedeh {Str+2} (You bought it in a shop on level 2 of the Orcish Mines)
 36264 | Orc:2    | Bought a brightly glowing ring mail for 225 gold pieces
 36274 | Orc:2    | Identified the +1 ring mail of Xarar {Slay+2} (You bought it in a shop on level 2 of the Orcish Mines)
 36286 | Orc:2    | Bought an embroidered robe for 92 gold pieces
 36296 | Orc:2    | Bought a glowing robe for 92 gold pieces
 36542 | D:14     | Reached XP level 16. HP: 102/102 MP: 30/30
 36825 | D:14     | Found a white marble altar of Elyvilon.
 38755 | D:14     | Reached skill level 15 in Earth Magic
 38901 | D:15     | Entered Level 15 of the Dungeon
 39226 | D:15     | Reached skill level 11 in Stealth
 39675 | D:15     | Reached skill level 12 in Stealth
 39711 | D:15     | Found Izonolao's Distillery.
 39719 | D:15     | Bought 2 potions of mutation for 192 gold pieces
 39719 | D:15     | Bought a potion of might for 48 gold pieces
 39719 | D:15     | Bought a potion of agility for 48 gold pieces
 39719 | D:15     | Bought a potion of heal wounds for 60 gold pieces
 40401 | D:15     | Found a staircase to the Depths.
 40462 | D:15     | Reached skill level 13 in Stealth
 41570 | D:15     | Reached skill level 14 in Stealth
 41725 | D:15     | Learned a level 2 spell: Blink
 41729 | D:15     | Learned a level 3 spell: Lesser Beckoning
 41734 | D:15     | Learned a level 4 spell: Passage of Golubria
 42258 | Swamp:1  | Entered Level 1 of the Swamp
 42284 | Swamp:1  | Reached skill level 1 in Translocations
 42284 | Swamp:1  | Reached XP level 17. HP: 107/107 MP: 31/31
 42533 | Swamp:1  | Noticed Roxanne
 43094 | Swamp:1  | Noticed a thorn hunter
 43107 | Swamp:1  | Killed a thorn hunter
 43473 | Swamp:1  | Noticed Nikola
 43698 | Swamp:2  | Reached skill level 15 in Stealth
 43698 | Swamp:2  | Reached skill level 5 in Translocations
 43944 | Swamp:2  | Reached skill level 1 in Summonings
 44530 | Swamp:2  | Got a dazzling shortbow
 45425 | Swamp:3  | Learned a level 1 spell: Summon Butterflies
 47215 | Swamp:2  | Reached skill level 5 in Summonings
 47319 | Lair:4   | Killed Harold
 47368 | Snake:1  | Entered Level 1 of the Snake Pit
 48708 | Snake:1  | Reached XP level 18. HP: 114/114 MP: 29/32
 49363 | Snake:1  | Found a shadowy altar of Dithmenos.
 49599 | Snake:1  | Learned a level 3 spell: Confuse
 49607 | Snake:2  | Noticed Vashnia
 49715 | Snake:2  | Noticed Agnes
 49727 | Snake:2  | Noticed Aizul
 49769 | Snake:3  | Reached skill level 1 in Short Blades
 50391 | Snake:3  | Reached skill level 1 in Hexes
 51325 | Snake:3  | Reached skill level 5 in Short Blades
 51921 | Snake:3  | Noticed Indrix's ghost (adept NaFE)
 53416 | Snake:2  | Noticed Kirke
 54098 | Orc:2    | Bought a glowing rapier for 210 gold pieces
 54529 | Snake:2  | Reached skill level 16 in Stealth
 54563 | Snake:2  | Killed Kirke
 55311 | Snake:2  | Reached skill level 5 in Hexes
 56121 | Snake:2  | Reached XP level 19. HP: 83/120 MP: 17/33
 56532 | Snake:4  | Entered Level 4 of the Snake Pit
 56549 | Snake:4  | Found Iduaku's Magic Scroll Emporium.
 56576 | Snake:4  | Bought a scroll of teleportation for 36 gold pieces
 56576 | Snake:4  | Bought a scroll of blinking for 90 gold pieces
 56576 | Snake:4  | Bought a scroll of enchant armour for 90 gold pieces
 56576 | Snake:4  | Bought a scroll of teleportation for 36 gold pieces
 56626 | Snake:4  | Noticed Bai Suzhen
 57433 | Snake:4  | Noticed Asterion
 57960 | Snake:3  | Killed Indrix's ghost
 61052 | Snake:4  | Noticed Jorgrun
 62672 | Snake:4  | Reached XP level 20. HP: 127/127 MP: 28/35
 63292 | Snake:4  | Killed Jorgrun
 63588 | Snake:4  | Killed Bai Suzhen
 64748 | Snake:4  | Noticed Saint Roka
 65001 | Snake:4  | Killed Saint Roka
 65986 | Snake:4  | Killed Asterion
 66183 | Snake:4  | Got a serpentine rune of Zot
 66662 | Snake:1  | Learned a level 5 spell: Summon Mana Viper
 66905 | Vaults:1 | Entered Level 1 of the Vaults
 66905 | Vaults:1 | Found a deep blue altar of Sif Muna.
 68253 | Vaults:1 | Reached XP level 21. HP: 130/132 MP: 37/37
 68640 | Vaults:1 | Learned a level 3 spell: Regeneration
 68644 | Vaults:1 | Learned a level 3 spell: Spectral Weapon
 69740 | Vaults:1 | Found Kathrayri's Assorted Antiques.
 71435 | Vaults:2 | Paralysed by a great orb of eyes for 5 turns
 71535 | Vaults:2 | Reached skill level 15 in Fighting
 71650 | Vaults:2 | Reached skill level 10 in Short Blades
 72840 | Vaults:2 | Found Dituqury's Assorted Antiques.
 73499 | Vaults:2 | Reached skill level 17 in Stealth
 74190 | Vaults:2 | Reached XP level 22. HP: 140/140 MP: 19/39
 75010 | Vaults:3 | Found a staircase to the Crypt.
 75698 | Vaults:3 | Reached skill level 18 in Stealth
 77327 | Vaults:3 | Reached skill level 19 in Stealth
 77577 | Vaults:3 | Got a twisted scale mail
 77588 | Vaults:3 | Identified the cursed +1 scale mail of Wusse {rC+ Str+2 SInv} (You found it on level 3 of the Vaults)
 79095 | Vaults:4 | Found a flickering gateway to a bazaar.
 79103 | Bazaar   | Entered a bazaar
 79121 | Bazaar   | Found Him Ycow's Weapon Emporium.
 79121 | Bazaar   | Found Kaan's General Store.
 79142 | Bazaar   | Found Vehepu's Armour Shoppe.
 79165 | Bazaar   | Found Ziaff's Book Emporium.
 79186 | Bazaar   | Found Juethroda's Magic Scroll Shoppe.
 79221 | Bazaar   | Bought a scroll of enchant armour for 120 gold pieces
 79221 | Bazaar   | Bought a scroll of enchant armour for 120 gold pieces
 79238 | Bazaar   | Bought a book of Dreams for 750 gold pieces
 80133 | Vaults:4 | Reached skill level 20 in Stealth
 80310 | Vaults:4 | Reached XP level 23. HP: 144/144 MP: 40/40
 83598 | Elf:1    | Entered Level 1 of the Elven Halls
 83609 | Elf:1    | Found Beennor's Food Shoppe.
 83633 | Elf:1    | Found Kimewk's Antique Armour Shop.
 83633 | Elf:1    | Found Fumye's Jewellery Boutique.
 83711 | Elf:1    | Reached skill level 10 in Summonings
 83929 | Elf:1    | Found Unlew's Gadget Shop.
 84081 | Elf:1    | Found a deep blue altar of Sif Muna.
 84094 | Elf:1    | Found a ruined gateway.
 84098 | Desolati | Entered the Desolation of Salt
 84202 | Elf:1    | Noticed Frances
 84689 | Elf:1    | Found Waptesol's General Store.
 84692 | Elf:1    | Found Dothoz's Armour Shop.
 84760 | Elf:1    | Found Kapaosm's Antique Armour Emporium.
 84964 | Elf:1    | Identified the Incunabulum of Supportive Attacks
 85243 | Elf:1    | Killed Frances
 85920 | Elf:2    | Found Fockideh's Armour Emporium.
 86236 | Elf:2    | Found a runed gate.
 86236 | Elf:2    | Found a runed gate.
 86236 | Elf:2    | Found a runed gate.
 87046 | Elf:2    | Reached XP level 24. HP: 150/150 MP: 40/41
 87387 | Elf:3    | Entered Level 3 of the Elven Halls
 87494 | Elf:3    | Found a magical portal.
 87505 | WizLab   | Entered Wucad Mu's Monastery
 89330 | Elf:3    | Reached skill level 10 in Translocations
 89945 | Elf:3    | Identified the Grimoire of Boosting Calling
 90093 | Elf:3    | Got a smoking golden ring
 90098 | Elf:3    | Identified the Grimoire of the Vitriolic Rocks
 90151 | Elf:3    | Identified Ozusav's First Steps in Thaumaturgy
 90172 | Elf:3    | Identified the ring of the Leaf {rF- MR++ Dex+2 SInv} (You found it on level 3 of the Elven Halls)
 90181 | Elf:3    | Got a polished cloak
 90192 | Elf:3    | Identified the +2 cloak "Suwneeno" {rCorr} (You found it on level 3 of the Elven Halls)
 90202 | Elf:3    | Got a warped leather armour
 90213 | Elf:3    | Identified the +0 leather armour of the Crushed Dreams {rPois} (You found it on level 3 of the Elven Halls)
 90229 | Elf:3    | Got a fine amber ring
 90326 | Elf:3    | Identified the ring of Winoonig {*Tele Str+2} (You found it on level 3 of the Elven Halls)
 90371 | Elf:3    | Got a transparent scale mail
 90382 | Elf:3    | Identified the cursed +1 scale mail "Jivium" {MR- Str+4 Dex+4 Stlth+} (You found it on level 3 of the Elven Halls)
 90437 | Elf:3    | Got an ancient jade ring
 90438 | Elf:3    | Identified the ring of the Sky {rElec rPois rF+ Slay+3} (You took it off a deep elf annihilator on level 3 of the Elven Halls)
 90690 | Elf:1    | Bought a glowing helmet for 270 gold pieces
 90703 | Elf:1    | Bought a pair of runed gloves for 270 gold pieces
 90932 | Elf:1    | Learned a level 7 spell: Malign Gateway
 91242 | Swamp:1  | Killed Nikola
 91709 | Swamp:1  | Killed Roxanne
 91770 | Swamp:1  | Identified Roxanne's Reference Book on Earth (You took it off Roxanne on level 1 of the Swamp)
 91878 | Swamp:4  | Entered Level 4 of the Swamp
 91895 | Swamp:4  | Noticed Donald
 91909 | Swamp:4  | Killed Donald
 92150 | Swamp:4  | Noticed maximusg's ghost (adept MiBe)
 93008 | Swamp:4  | Noticed the 27-headed Lernaean hydra
 93021 | Swamp:4  | Killed maximusg's ghost
 93047 | Swamp:4  | Killed the 27-headed Lernaean hydra
 93347 | Swamp:4  | Reached XP level 25. HP: 155/155 MP: 41/41
 93608 | Swamp:4  | Got a decaying rune of Zot
 93981 | Depths:1 | Entered Level 1 of the Depths
 94204 | Depths:1 | Found a deep blue altar of Sif Muna.
 95432 | Depths:1 | Found a gateway to a ziggurat.
 96724 | Depths:2 | Noticed Aolhelm's ghost (veteran FoHu)
 97350 | Depths:2 | Found a gateway to Hell.
 97933 | Depths:2 | Identified a scroll of acquirement
 97935 | Depths:2 | Got a pair of shimmering boots
 97946 | Depths:2 | Identified the +2 pair of boots of Poor Excuses {rElec rN++ Str+2} (You acquired it on level 2 of the Depths)
 99655 | Depths:2 | Reached XP level 26. HP: 149/166 MP: 32/41
100290 | Depths:3 | Found Daclih Vaew's Antique Armour Shop.
101153 | Depths:3 | Reached skill level 21 in Stealth
102105 | Depths:3 | Noticed Margery
102123 | Depths:3 | Killed Margery
102312 | Depths:3 | Noticed the Enchantress
103187 | Depths:3 | Found a one-way gate leading to the halls of Pandemonium.
103291 | Depths:3 | Killed the Enchantress
103378 | Depths:3 | Got faerie dragon scales
103395 | Depths:2 | Identified the +4 faerie dragon scales {+Fly rElec rF- rCorr MP+1 Int+4} (You took it off the Enchantress on level 3 of the Depths)
104601 | Depths:4 | Found a blossoming altar of Fedhas.
104663 | Depths:4 | Found a one-way gate to the infinite horrors of the Abyss.
104667 | Depths:4 | Found Qickiaru's Distillery.
105221 | Depths:4 | Found Yxkargh's Antique Armour Emporium.
105223 | Depths:4 | Found Zeigyeh's Weapon Shoppe.
105224 | Depths:4 | Found Ucel Faaty's Magic Scroll Emporium.
105231 | Depths:4 | Bought a scroll of blinking for 105 gold pieces
105231 | Depths:4 | Bought a scroll of teleportation for 42 gold pieces
105253 | Depths:4 | Reached skill level 22 in Stealth
105500 | Depths:4 | Noticed Mara
105722 | Depths:4 | Noticed Mara
105731 | Depths:4 | Noticed dying5ever's illusion
105748 | Depths:4 | Killed Mara
105807 | Depths:4 | Reached XP level 27. HP: 144/175 MP: 41/41
105896 | Depths:4 | Gained mutation: You are frail. (-10% HP) [a neqoxec]
105971 | Depths:4 | Lost mutation: You are frail. (-10% HP) [potion of mutation]
105971 | Depths:4 | Gained mutation: You are dopey. (Int -2) [potion of mutation]
105971 | Depths:4 | Gained mutation: Potions are less effective at restoring your health. [potion of mutation]
105971 | Depths:4 | Gained mutation: Your muscles are strong. (Str +2) [potion of mutation]
105972 | Depths:4 | Lost mutation: Potions are less effective at restoring your health. [potion of mutation]
105972 | Depths:4 | Lost mutation: Your muscles are strong. (Str +2) [potion of mutation]
105972 | Depths:4 | Lost mutation: You are dopey. (Int -2) [potion of mutation]
105972 | Depths:4 | Gained mutation: You have sharp fingernails. [potion of mutation]
105972 | Depths:4 | Gained mutation: You have a pair of small antennae on your head. [potion of mutation]
105972 | Depths:4 | Gained mutation: You are resistant to electric shocks. (rElec) [potion of mutation]
106070 | Depths:4 | Identified the Reference Book on Displaced Transmutation
106641 | Elf:1    | Bought a distressingly furry hat for 171 gold pieces
106646 | Elf:1    | Identified the -3 hat of Brilliance {rF+ rN++ Str-4 SInv} (You bought it in a shop on level 1 of the Elven Halls)
106826 | D:15     | Bought a potion of mutation for 96 gold pieces
106826 | D:15     | Bought a potion of mutation for 96 gold pieces
106826 | D:15     | Bought a potion of mutation for 96 gold pieces
106935 | Depths:4 | Bought a runed hat for 175 gold pieces
108021 | Depths:5 | Entered Level 5 of the Depths
108024 | Depths:5 | Noticed a juggernaut
108075 | Depths:5 | Killed a juggernaut
108165 | Depths:5 | Cast into level 5 of the Abyss (miscasting Malign Gateway)
108165 | Abyss:5  | Entered Level 5 of the Abyss
108304 | Depths:5 | Escaped the Abyss
109192 | Depths:5 | Found a gate to the Realm of Zot.
109820 | D:15     | Learned a level 6 spell: Shadow Creatures
109986 | Vaults:5 | Entered Level 5 of the Vaults
109998 | Vaults:5 | Reached skill level 15 in Summonings
110819 | Vaults:5 | Identified Nyisucyl's Compendium of Dusty Arcane Weapons
110822 | Vaults:5 | Got a silver rune of Zot
111966 | Vaults:5 | Reached skill level 23 in Stealth
112735 | Vaults:5 | Found Keyl's Distillery.
112754 | Vaults:5 | Bought a potion of haste for 190 gold pieces
113605 | Vaults:5 | Noticed an ancient lich
113615 | Vaults:5 | Killed an ancient lich
113977 | Vaults:5 | Noticed an ancient lich
115607 | Vaults:2 | Bought a scroll of magic mapping for 115 gold pieces
115607 | Vaults:2 | Bought a potion of resistance for 330 gold pieces
115607 | Vaults:2 | Bought a scroll of amnesia for 115 gold pieces
115767 | D:15     | Learned a level 6 spell: Darkness
115915 | Zot:1    | Entered Level 1 of the Realm of Zot
116020 | Zot:2    | Reached skill level 1 in Necromancy
116430 | Zot:2    | Reached skill level 1 in Polearms
117262 | Zot:3    | Reached skill level 24 in Stealth
117378 | Zot:5    | Entered Level 5 of the Realm of Zot
117913 | Zot:5    | Noticed an orb of fire
117949 | Zot:5    | Killed an orb of fire
118307 | Zot:5    | Noticed Finerminer's ghost (legendary FoFi)
118622 | Zot:5    | Killed Finerminer's ghost
118924 | Zot:5    | Noticed an ancient lich
118951 | Zot:5    | Killed an ancient lich
119454 | Zot:5    | Reached skill level 25 in Stealth
119603 | Zot:5    | Noticed an orb of fire
119742 | Zot:5    | Noticed an orb of fire
119742 | Zot:5    | Noticed an orb of fire
119757 | Zot:5    | Gained mutation: You expend magic power (3 MP) to strengthen your wands. [an orb of fire]
119770 | Zot:5    | Killed an orb of fire
119813 | Zot:5    | Killed an orb of fire
119813 | Zot:5    | Reached skill level 5 in Polearms
119816 | Zot:5    | Killed an orb of fire
120016 | Zot:5    | Noticed an orb of fire
120030 | Zot:5    | Killed an orb of fire
120214 | Zot:5    | Noticed an ancient lich
120612 | Zot:5    | Killed an ancient lich
120803 | Zot:5    | Noticed an ancient lich
121106 | Zot:5    | Killed an ancient lich
121255 | Zot:5    | Reached skill level 26 in Stealth
121889 | Zot:5    | Got the Orb of Zot
121936 | Zot:5    | Noticed an ancient lich
122447 | D:$      | Escaped with the Orb!

Skill      XL: |  1  2  3  4  5  6  7  8  9 10 11 12 13 14 15 16 17 18 19 20 21 22 23 24 25 26 27 |
---------------+----------------------------------------------------------------------------------+-----
Earth Magic    | 4 5 6 7 8 10 12 13 15 16 17 18 | 18.0
Spellcasting   | 3 4 5 6 7 8 9 10 11 12 13 14 | 14.1
Dodging        | 3 6 9 10 11 13 15 16 17 19 20 22 24 | 24.0
Fighting       | 2 6 8 10 12 13 14 15 17 18 20 | 20.0
Stealth        | 5 9 10 14 15 16 17 20 22 26 | 26.2
Invocations    | 4 8 9 10 12 | 12.3
Evocations     | 2 5 6 9 |  9.8
Charms         | 1 2 |  2.1
Ice Magic      | 2 |  2.0
Translocations | 1 5 12 13 | 13.6
Summonings     | 6 7 8 12 13 14 15 | 15.2
Short Blades   | 8 10 | 10.0
Hexes          | 5 8 9 |  9.3
Necromancy     | 2 |  2.6
Polearms       | 6 |  6.4
Transmutations | |  1.0

Action                   |  1- 3 |  4- 6 |  7- 9 | 10-12 | 13-15 | 16-18 | 19-21 | 22-24 | 25-27 || total
-------------------------+-------+-------+-------+-------+-------+-------+-------+-------+-------++-------
Melee: Short sword       |    97 |    56 |    39 |    22 |   311 |   406 |       |       |       ||   931
       Rapier            |       |       |       |       |       |   138 |   459 |       |       ||   597
       Unarmed           |       |       |       |       |       |     5 |       |       |       ||     5
       Dagger            |       |       |       |       |       |       |    92 |   212 |   640 ||   944
       Lance             |       |       |       |       |       |       |       |       |   101 ||   101
       Staff             |       |       |       |       |       |       |       |       |     6 ||     6
 Fire: Hand crossbow     |       |    38 |    41 |    32 |    96 |    29 |       |       |       ||   236
Throw: Stone             |    14 |    13 |       |     1 |     1 |     1 |     1 |       |       ||    31
       Tomahawk          |       |       |       |       |     5 |     6 |       |       |       ||    11
       Throwing net      |       |       |       |       |       |       |       |     1 |     9 ||    10
 Cast: Sandblast         |    33 |    24 |    55 |    92 |   135 |    82 |    22 |       |       ||   443
       Stone Arrow       |     1 |    37 |    53 |    63 |   407 |   386 |   434 |   316 |   213 ||  1910
       Lee's Rapid Decon |       |       |    16 |   107 |   135 |    63 |   149 |   346 |   248 ||  1064
       Apportation       |       |       |       |     1 |       |     1 |       |       |       ||     2
       Animate Skeleton  |       |       |       |    28 |    94 |    77 |    58 |    48 |     3 ||   308
       Passwall          |       |       |       |     1 |     1 |     3 |    29 |       |    78 ||   112
       Petrify           |       |       |       |       |    69 |   362 |   309 |   165 |   468 ||  1373
       Ozocubu's Armour  |       |       |       |       |    11 |    13 |     4 |    10 |    58 ||    96
       Passage of Golubr |       |       |       |       |       |    18 |    10 |     2 |     6 ||    36
       Lesser Beckoning  |       |       |       |       |       |     8 |       |       |       ||     8
       Blink             |       |       |       |       |       |     2 |     5 |       |    15 ||    22
       Summon Ice Beast  |       |       |       |       |       |     1 |       |       |     2 ||     3
       Summon Mana Viper |       |       |       |       |       |       |    27 |    67 |   115 ||   209
       Confuse           |       |       |       |       |       |       |    51 |    17 |       ||    68
       Regeneration      |       |       |       |       |       |       |     5 |     5 |    40 ||    50
       Summon Butterflie |       |       |       |       |       |       |     2 |     1 |       ||     3
       Malign Gateway    |       |       |       |       |       |       |       |     5 |   107 ||   112
       Shadow Creatures  |       |       |       |       |       |       |       |       |    32 ||    32
       Darkness          |       |       |       |       |       |       |       |       |    12 ||    12
Invok: Shadow Step       |       |       |       |       |       |     3 |     1 |     1 |     4 ||     9
       Shadow Form       |       |       |       |       |       |       |       |       |     3 ||     3
Evoke: Wand              |       |       |       |       |    14 |     3 |     4 |       |    17 ||    38
       Phantom mirror    |       |       |       |       |       |       |       |     1 |       ||     1
       Sack of spiders   |       |       |       |       |       |       |       |       |     3 ||     3
       Phial of floods   |       |       |       |       |       |       |       |       |     1 ||     1
  Use: Scroll            |     1 |     6 |     4 |     9 |    10 |    10 |     8 |    14 |    27 ||    89
       Potion            |       |       |       |       |       |     2 |     1 |       |    18 ||    21
 Stab: Sleeping          |     2 |     3 |       |       |     2 |     8 |     9 |     4 |    28 ||    56
       Distracted        |       |       |       |     1 |     2 |     1 |     4 |     1 |    11 ||    20
       Petrified         |       |       |       |       |    64 |   299 |   146 |    64 |   215 ||   788
       Petrifying        |       |       |       |       |     2 |    23 |    33 |    19 |    79 ||   156
       Paralysed         |       |       |       |       |       |     2 |       |       |     1 ||     3
       Confused          |       |       |       |       |       |       |     7 |     3 |     1 ||    11
       Held in net/web   |       |       |       |       |       |       |       |     1 |     2 ||     3
       Invisible         |       |       |       |       |       |       |       |       |     1 ||     1
  Eat: Chunk             |    13 |    11 |    19 |    53 |    88 |    71 |    68 |    81 |   116 ||   520
       Royal jelly       |       |       |       |       |       |     1 |     5 |       |     2 ||     8
       Meat ration       |       |       |       |       |       |       |       |       |     2 ||     2
Armor: Robe              |    10 |    14 |     4 |     1 |       |       |    24 |    37 |   114 ||   204
       Troll leather arm |       |       |       |     8 |    50 |       |       |       |       ||    58
       Leather armour    |       |       |       |       |    35 |    79 |    15 |       |       ||   129
Dodge: Dodged            |    99 |    79 |    55 |    71 |   503 |   529 |   479 |   331 |  1045 ||  3191
Block: Buckler           |       |       |     6 |       |   131 |   115 |   105 |    35 |       ||   392
       Other             |       |       |       |     1 |     1 |       |       |       |       ||     2
